AoeStats
← Trophy Trout

Arabia

503002406Analyzed
2v2 RM · 1mo ago on Aug 29, 2026· 20m 39s· 4 players
Game mode
Random Map
Map size
Medium (4 player)
Population
200
Speed
Normal
Resources
Low
Victory
Standard
Starting age
Dark Age
Ending age
Imperial Age
RankedLock teamsTeams togetherTeam positionsShared explorationLock speedFull tech treeHidden civsTurbo modeCheats
Victory
Defeat
🇻🇪 Mongols · Venezuela
1081
+12
🇲🇽 Vietnamese · Mexico
998
+16
🇺🇸 Ethiopians · United States
992
-14
🇨🇦 Mongols · Canada
984
-13
Trophy Trout
7:32 Loom
10:10 Feudal Age
11:24 Double-Bit Axe
19:03 Castle Age
17:59 Fletching
21:11 Bow Saw
20:44 Horse Collar
BobRoss
5:57 Loom
11:40 Feudal Age
12:56 Wheelbarrow
12:07 Double-Bit Axe
12:03 Horse Collar
12:24 Gold Mining
12:42 Stone Mining
20:44 Castle Age
anapaulina-ac
0:37 Loom
11:52 Feudal Age
12:20 Horse Collar
13:18 Wheelbarrow
12:28 Town Watch
12:31 Double-Bit Axe
14:10 Man-at-Arms
15:58 Gold Mining
16:03 Stone Mining
23:16 Castle Age
FJAL
10:54 Feudal Age
9:16 Loom
11:46 Double-Bit Axe
12:10 Horse Collar
Connection lost

Rejoining the realm…

Still unreachable

The connection could not be restored.

Session expired

The server has moved on; the page needs a fresh start.